 Dungeon Crawl Stone Soup version 0.29.1-15-g9cfb28693d (webtiles) character file.

Game seed: 4910962095193025229

90 croobank the Firebug (level 4, 0/30 HPs)
             Began as a Demonspawn Fire Elementalist on Mar 21, 2023.
             Succumbed to a scorpion's poison
             ... on level 3 of the Dungeon.
             The game lasted 00:06:36 (2879 turns).

croobank the Firebug (Demonspawn Fire Elementalist) Turns: 2879, Time: 00:06:37

Health: 0/30       AC: 11    Str:  9    XL:     4   Next: 32%
Magic:  0/7        EV: 13    Int: 18    God:
Gold:   104        SH:  0    Dex: 19    Spells: 5/8 levels left

rFire   . . .      SeeInvis +   j - +0 short sword
rCold   . . .      Faith    .   (no shield)
rNeg    . . .      Spirit   .   a - +0 robe
rPois   .          Reflect  .   p - +2 helmet
rElec   .          Harm     .   b - +1 cloak
rCorr   .          Rampage  .   (no gloves)
Will    .....                   (no boots)
Stlth   ++........              (no amulet)
HPRegen 0.10/turn               c - +4 ring of protection
MPRegen 0.10/turn               n - +6 ring of dexterity

@: lethally poisoned (0 -> -17), attractive
A: claws 1, powered by death 1, see invisible, low MP 1
a: no special abilities


You were on level 3 of the Dungeon.
You visited 1 branch of the dungeon, and saw 3 of its levels.

You collected 104 gold pieces.

Inventory:

Hand Weapons
 h - a +0 spear
 j - a +0 short sword (weapon)
Armour
 a - a +0 robe (worn)
 b - a +1 cloak (worn)
 p - a +2 helmet (worn)
Jewellery
 c - a +4 ring of protection (left claw)
 n - a +6 ring of dexterity (right claw)
Scrolls
 e - 2 scrolls of identify
 f - a scroll of teleportation
 g - 2 scrolls of amnesia {unknown}
 k - a scroll of magic mapping {unknown}
 m - a scroll of fog {unknown}
Potions
 i - a potion of mutation


   Skills:
 + Level 2.4 Dodging
 + Level 2.5 Stealth
 + Level 2.5 Spellcasting
 + Level 2.0 Conjurations
 + Level 3.1 Fire Magic


You had 5 spell levels left.
You knew the following spells:

 Your Spells              Type           Power      Damage    Failure   Level
a - Foxfire               Conj/Fire      44%        2x1d6     6%          1
b - Scorch                Fire           26%        2d6       7%          2

Your spell library contained the following spells:

 Spells                   Type           Power      Damage    Failure   Level
 Conjure Flame            Conj/Fire      11%        6-21      17%         3
 Inner Flame              Hex/Fire       8%         N/A       26%         3
 Portal Projectile        Hex/Tloc       4%         N/A       45%         3
 Tukima's Dance           Hex            2%         N/A       45%         3
 Flame Wave               Conj/Fire      11%        2d6       50%         4
 Blade Hands              Tmut           1%         N/A       99%         5


Dungeon Overview and Level Annotations

Branches:
Dungeon (3/15)

Altars:


Innate Abilities, Weirdness & Mutations

You have sharp fingernails.
You regenerate a little health from kills.
You have supernaturally acute eyesight. (SInv)
Your magical capacity is low. (-10% MP)


Message History

The scorpion is heavily wounded.
The scorpion stings you.
The scorpion stings you but does no damage.
You hit the scorpion but do no damage.
The scorpion is heavily wounded.
The scorpion closely misses you.
You hit the scorpion.
The scorpion is heavily wounded.
The scorpion barely misses you.
You hit the scorpion.
The scorpion is severely wounded.
The scorpion stings you. The scorpion barely misses you.
Casting: Foxfire (safe; 6% risk of failure)
Confirm with . or Enter, or press ? or * to list all spells.
Flames lash the scorpion.
The scorpion is severely wounded.
The scorpion's fire resistance burns away.
The scorpion stings you.
You closely miss the scorpion.
The scorpion is severely wounded.
The scorpion barely misses you.
You closely miss the scorpion.
The scorpion is severely wounded.
The scorpion barely misses you. The scorpion stings you.
* * * LOW HITPOINT WARNING * * *
You are lethally poisoned!
The scorpion poisons you!
It was a potion of attraction.
You feel attractive to monsters.
* * * LOW HITPOINT WARNING * * *
You feel very sick.
The scorpion is no longer more vulnerable to fire.
The scorpion stings you.
* * * LOW HITPOINT WARNING * * *
You are more poisoned.
The scorpion poisons you!
As you read the scroll labelled KUTTIO RUYWK, it crumbles to dust.
It is a scroll of identify.
f - a scroll of teleportation You die...

.... .. .... .
..... #. .....
##. #.....#.. #.#
#.....#.# ..##
#.......####...
.##..@s..#.#
#...##......# #
#.#....#.#..##...
###....#.......
................
.#.###.#........
... ...........#
##. ###....#.#...
. ....##.# ..


You could see a scorpion.

Vanquished Creatures
  Crazy Yiuf (D:2)
  Robin (D:2)
  2 worms
  A dart slug (D:2)
  4 endoplasms
  A giant cockroach (D:1)
  7 goblins (D:2)
  7 hobgoblins
  2 kobolds
  3 quokkas (D:1)
  3 ball pythons
  2 bats
  2 frilled lizards (D:2)
  5 rats
41 creatures vanquished.

Vanquished Creatures (others)
  115 foxfires
115 creatures vanquished.

Grand Total: 156 creatures vanquished

Notes
Turn   | Place    | Note
-------+----------+-------------------------------------------
     0 | D:1      | croobank the Demonspawn Fire Elementalist began the quest
                  | for the Orb.
     0 | D:1      | Reached XP level 1. HP: 13/13 MP: 3/3
   407 | D:1      | Found a faded altar of an unknown god.
   473 | D:1      | Gained mutation: You regenerate a little health from kills.
                  | [demonic ancestry]
   473 | D:1      | Reached XP level 2. HP: 19/19 MP: 3/5
   861 | D:2      | Noticed Robin
  1246 | D:2      | Learned a level 2 spell: Scorch
  1438 | D:2      | Reached XP level 3. HP: 24/24 MP: 3/6
  1780 | D:2      | Reached skill level 3 in Fire Magic
  1830 | D:2      | Killed Robin
  2290 | D:2      | Found a runed translucent door.
  2291 | D:2      | Noticed Crazy Yiuf
  2301 | D:2      | Killed Crazy Yiuf
  2302 | D:2      | Gained mutation: You have sharp fingernails. [demonic
                  | ancestry]
  2302 | D:2      | Reached XP level 4. HP: 5/30 MP: 2/7
  2769 | D:3      | Noticed a scorpion
  2865 | D:3      | Gained mutation: Your magical capacity is low. (-10% MP)
                  | [potion of mutation]
  2865 | D:3      | Gained mutation: You have supernaturally acute eyesight.
                  | (SInv) [potion of mutation]
  2879 | D:3      | Succumbed to a scorpion's poison

Illustrated notes

Levels and vault maps discovered:
D:1:      dpeg_arrival_refuge, layout_rooms,
          ebering_ecumenical_altar_sacrificial, minmay_misc_feat_tower
D:2:      layout_basic, uniq_crazy_yiuf_cottage, uniq_robin
D:3:      layout_rooms, slow_altar_1

Skill      XL: |  1  2  3 |
---------------+----------+-----
Stealth        | 2 |  2.5
Dodging        | 2 |  2.4
Fire Magic     | 3 |  3.1
Conjurations   | 2 |  2.0
Spellcasting   | |  2.5

Action                   |  1- 3 |  4- 6 || total
-------------------------+-------+-------++-------
Melee: Unarmed           |     2 |       ||     2
       Short sword       |    16 |    20 ||    36
 Cast: Foxfire           |    61 |     2 ||    63
       Scorch            |     9 |     8 ||    17
  Use: Potion            |     2 |     3 ||     5
       Scroll            |       |     1 ||     1
Armor: Robe              |    11 |    10 ||    21
Dodge: Dodged            |    43 |    22 ||    65
